 Dungeon Crawl Stone Soup version 0.25-a0-835-gb37b1c2 (webtiles) character file.

Game seed: 9970884779011808671, levelgen mode: deterministic

1806 Atlas the Sneak (level 9, 0/76 HPs)
             Began as a Naga Fire Elementalist on Apr 23, 2020.
             Slain by an orc
             ... wielding a +0 lajatang
              (11 damage)
             ... on level 8 of the Dungeon.
             The game lasted 00:11:17 (9545 turns).

Atlas the Sneak (Naga Fire Elementalist)            Turns: 9545, Time: 00:11:18

Health: 0/76       AC:  6    Str: 10    XL:     9   Next: 9%
Magic:  14/14      EV: 10    Int: 19    God:
Gold:   306        SH:  0    Dex: 12    Spells: 5/15 levels left

rFire    + . .     SeeInvis +   g - +0 short sword (venom)
rCold    + . .     Gourm    .   (no shield)
rNeg     . . .     Faith    .   h - +0 leather armour
rPois    +         Spirit   .   (no helmet)
rElec    .         Reflect  .   f - scarf {rC+ rF+}
rCorr    .         Harm     .   (no gloves)
MR       +....                  (no barding)
Stlth    +++.......             i - amulet of magic regeneration
HPRegen  0.22/turn              b - +2 ring of protection
MPRegen  0.39/turn              (no ring)

@: lethally poisoned (0 -> -1), very slow
A: large, see invisible, deformed body, poison resistance, slowness 2, slow
metabolism 1, spit poison 1, AC +3
a: Spit Poison


You were on level 8 of the Dungeon.
You were not hungry.

You visited 1 branch of the dungeon, and saw 7 of its levels.

You collected 306 gold pieces.

Inventory:

Hand Weapons
 g - a +0 short sword of venom (weapon)
Armour
 f - a scarf of resistance (worn)
 h - a +0 leather armour (worn)
 t - a +0 cloak
Magical Staves
 v - an uncursed staff of death
Jewellery
 b - a +2 ring of protection (left hand)
 i - an amulet of magic regeneration (around neck)
 w - an uncursed amulet of guardian spirit {unknown}
Wands
 m - a wand of random effects (15)
 s - a wand of clouds (11)
Scrolls
 a - 2 scrolls of remove curse
 e - a scroll of fog {unknown}
 k - 2 scrolls of immolation {unknown}
 l - 4 scrolls of teleportation {unknown}
 q - a scroll of enchant armour {unknown}
 r - 2 scrolls of amnesia {unknown}
 x - a scroll of blinking {unknown}
 y - a scroll of enchant weapon {unknown}
 z - 3 scrolls of identify
Potions
 d - 3 potions of lignification
 j - a potion of ambrosia {unknown}
 n - 2 potions of haste {unknown}
 o - 2 potions of brilliance {unknown}
 p - a potion of degeneration {unknown}
 u - a potion of invisibility
 A - a potion of cancellation {unknown}
Comestibles
 c - 19 rations


   Skills:
 + Level 3.4 Fighting
 + Level 5.3 Short Blades
 + Level 3.4 Armour
 + Level 3.7 Dodging
 + Level 5.5 Stealth
 + Level 0.9 Unarmed Combat
 + Level 3.8 Spellcasting
 + Level 3.3 Conjurations
 + Level 4.7 Fire Magic
 + Level 0.5 Evocations


You had 5 spell levels left.
You knew the following spells:

 Your Spells              Type           Power        Failure   Level  Hunger
a - Foxfire               Conj/Fire      ###.         3%          1    None
b - Sticky Flame          Conj/Fire      ###.....     34%         4    ####...
c - Fireball              Conj/Fire      ###.......   69%         5    ######.

Your spell library contained the following spells:

 Spells                   Type           Power        Failure   Level  Hunger
 Conjure Flame            Conj/Fire      ###.....     11%         3    ###....
 Inner Flame              Hex/Fire       ##......     22%         3    ###....


Dungeon Overview and Level Annotations

Branches:
Dungeon (6/15)
 Temple: D:4-7

Altars:
Dithmenos
Fedhas
Gozag
Okawaru
Qazlal
Sif Muna
Uskayaw
Vehumet
Xom

Annotations:
D:8 Maurice


Innate Abilities, Weirdness & Mutations

You cannot wear boots.
Your serpentine skin is tough. (AC +3)
You have supernaturally acute eyesight. (SInv)
Armour fits poorly on your strangely shaped body.
Your system is resistant to poisons. (rPois)
You cover ground very slowly.
You have a slow metabolism.
You can spit poison.


Message History

You hit the orc priest.
The orc priest looks as sick as possible!
The orc priest is heavily wounded.
You feel sick. The orc priest hits you with a +0 club.
* * * LOW HITPOINT WARNING * * *
Unknown command.
You closely miss the orc. The orc misses you.
The orc priest closely misses you.
You barely miss the orc. The orc hits you with a +0 lajatang!
* * * LOW HITPOINT WARNING * * *
The orc priest hits you but does no damage.
Unknown command.
Really quaff the potion of lignification?
Okay, then.
You hit the orc priest.
The orc priest is almost dead.
You feel sick.
You kill the orc priest!
The orc hits you with a +0 lajatang!
You die...

#.#
#.#######..........#
#.#
#......########.....
#.############## ..@
#.......)......### .
##########.......#
##########.......#
#................#
#.#####.##..)....# #
#.###@o#.... #.#
#).#....
.#####.###..#....
#..................
........%..........
#.#####.###.####o##
#.# #... .. #.#
#.### # #.# #..


You could see an orc.

Vanquished Creatures
  Prince Ribbit (D:6)
  An orc warrior (D:6)
  A centaur (D:6)
  3 ogres
  2 bullfrogs
  A scorpion (D:4)
  A howler monkey (D:8)
  2 crimson imps (D:6)
  3 orc priests
  2 bullfrog skeletons (D:6)
  2 hounds (D:5)
  Crazy Yiuf (D:3)
  5 orc wizards
  2 iguanas
  Ijyb (D:3)
  Jessica (D:3)
  3 worker ants
  Natasha (thrice) (D:4)
  2 hound skeletons
  7 adders
  6 gnolls
  2 shadow imps
  An adder skeleton (D:4)
  3 dart slugs
  4 worms
  3 leopard geckos
  18 orcs
  9 bats
  3 giant cockroaches
  13 goblins
  10 hobgoblins
  6 jackals
  A quokka (D:5)
  A ball python (D:3)
  5 frilled lizards
  8 kobolds
  A leopard gecko skeleton (D:6)
  11 rats
149 creatures vanquished.

Vanquished Creatures (others)
  A jackal zombie (D:6)
  171 foxfires
172 creatures vanquished.

Grand Total: 321 creatures vanquished

Notes
Turn   | Place    | Note
-------+----------+-------------------------------------------
     0 | D:1      | Atlas the Naga Fire Elementalist began the quest for the
                  | Orb.
     0 | D:1      | Reached XP level 1. HP: 15/15 MP: 3/3
   520 | D:1      | Reached XP level 2. HP: 22/22 MP: 0/5
  1056 | D:1      | Reached XP level 3. HP: 26/28 MP: 6/6
  1596 | D:2      | Reached XP level 4. HP: 12/36 MP: 4/7
  2242 | D:2      | Reached skill level 1 in Short Blades
  2571 | D:2      | Learned a level 4 spell: Sticky Flame
  2898 | D:2      | Reached XP level 5. HP: 39/43 MP: 8/8
  3028 | D:3      | Noticed Jessica
  3248 | D:3      | Killed Jessica
  3248 | D:3      | Reached skill level 1 in Fighting
  3248 | D:3      | Reached skill level 1 in Armour
  3517 | D:3      | Reached XP level 6. HP: 51/51 MP: 6/10
  3619 | D:3      | Found a shimmering altar of Xom.
  3633 | D:3      | Noticed Ijyb
  3644 | D:3      | Killed Ijyb
  4226 | D:3      | Found a runed translucent door.
  4227 | D:3      | Noticed Crazy Yiuf
  4279 | D:3      | Paralysed by Crazy Yiuf for 3 turns
  4283 | D:3      | Killed Crazy Yiuf
  4834 | D:4      | Noticed Natasha
  4843 | D:4      | Killed Natasha
  5004 | D:4      | Noticed Natasha
  5011 | D:4      | Killed Natasha
  5074 | D:4      | Reached XP level 7. HP: 57/57 MP: 11/11
  5106 | D:4      | Noticed Natasha
  5116 | D:4      | Killed Natasha
  5300 | D:4      | HP: 2/58 [poisoned by a scorpion]
  5834 | D:5      | Entered Level 5 of the Dungeon
  5898 | D:5      | Found a radiant altar of Vehumet.
  5899 | D:5      | Found a shimmering blue altar of Sif Muna.
  5933 | D:5      | Found a hide-covered altar of Uskayaw.
  6227 | D:5      | Found an opulent altar of Gozag.
  6229 | D:5      | Found a shadowy altar of Dithmenos.
  6279 | D:5      | Learned a level 5 spell: Fireball
  6750 | D:5      | Reached XP level 8. HP: 62/67 MP: 12/12
  6902 | D:6      | Reached skill level 5 in Stealth
  6938 | D:6      | Found a stormy altar of Qazlal.
  7116 | D:6      | HP: 3/68 [orc priest/divine providence (11)]
  7787 | D:6      | Noticed Prince Ribbit
  8022 | D:6      | Found an iron altar of Okawaru.
  8452 | D:6      | Killed Prince Ribbit
  8637 | D:6      | Found a blossoming altar of Fedhas.
  8812 | D:6      | You fall into a shaft and drop 2 floors!
  8895 | D:8      | Noticed Maurice
  8951 | D:8      | Reached XP level 9. HP: 36/76 MP: 14/14
  9113 | D:8      | Reached skill level 5 in Short Blades
  9545 | D:8      | Slain by an orc

Levels and vault maps discovered:
D:1:      minmay_arrival_checkered_box, layout_basic, minivault_24,
          serial_park_tiny_pond, minmay_pentomino_v2
D:2:      layout_basic, first_ration
D:3:      layout_loops_cross, old_standard_altar, uniq_jessica, uniq_ijyb,
          uniq_crazy_yiuf_cottage
D:4:      layout_gridville, uniq_natasha
D:5:      layout_gridville, gammafunk_temple_overflow_statue,
          lemuel_doored_altar, nicolae_overflow_hidden_temple,
          minmay_splitting_lines
D:6:      layout_loops_corners, grunt_qazlal_clouds, lemuel_crystal_altar,
          okawaru_altar_gauntlet_db, uniq_prince_ribbit1
D:8:      layout_basic, overflow_temple_1_default, grunt_ogre_cave, uniq_joseph,
          uniq_maurice, uniq_pikel

Skill      XL: |  1  2  3  4  5  6  7  8  9 |
---------------+----------------------------+-----
Stealth        | 4 5 |  5.5
Short Blades   | 1 2 3 4 5 |  5.3
Fighting       | 1 2 3 |  3.4
Armour         | 1 2 3 |  3.4
Dodging        | 2 3 |  3.7
Spellcasting   | 3 |  3.8
Conjurations   | 2 3 |  3.3
Fire Magic     | 4 |  4.7
Unarmed Combat | |  0.9
Evocations     | |  0.5

Action                   |  1- 3 |  4- 6 |  7- 9 || total
-------------------------+-------+-------+-------++-------
Melee: Unarmed           |    13 |       |       ||    13
       Short sword       |    52 |   176 |   275 ||   503
       Punch             |       |     2 |     2 ||     4
 Cast: Foxfire           |    26 |    47 |    33 ||   106
       Sticky Flame      |       |       |     4 ||     4
 Abil: Spit Poison       |       |     2 |     3 ||     5
Evoke: Wand              |       |     8 |     1 ||     9
  Use: Scroll            |     1 |       |     2 ||     3
       Potion            |       |       |     5 ||     5
 Stab: Sleeping          |     3 |     3 |     4 ||    10
  Eat: Chunk             |     1 |    10 |    13 ||    24
Armor: Robe              |     8 |       |       ||     8
       Leather armour    |     5 |    68 |    81 ||   154
Dodge: Dodged            |    34 |    93 |   135 ||   262

Table legend:
 A = Non-vault XP
 B = Vault XP
 C = Vault XP percentage of total XP
 D = Non-vault monster count
 E = Vault monster count
 F = Vault count percentage of total count
                 A         B        C        D         E       F
            +---------+---------+-------+---------+---------+-------
      Total |    2125 |     456 |  17.7 |     137 |      12 |   8.1
            +---------+---------+-------+---------+---------+-------
        D:1 |      53 |       2 |   3.6 |      32 |       1 |   3.0
        D:2 |     124 |       0 |   0.0 |      30 |       0 |   0.0
        D:3 |     210 |     115 |  35.4 |      23 |       3 |  11.5
        D:4 |     406 |      35 |   7.9 |      16 |       1 |   5.9
        D:5 |     261 |       0 |   0.0 |      10 |       0 |   0.0
        D:6 |     653 |     304 |  31.8 |      15 |       7 |  31.8
        D:8 |     418 |       0 |   0.0 |      11 |       0 |   0.0
            +---------+---------+-------+---------+---------+-------
